[Event "Titled Tuesday Blitz March 28 Early 2023"]
[White "Vovk, Orest"]
[Black "Iljin, Timofey"]
[WhiteFideId "14113490"]
[BlackFideId "14110180"]
[WhiteElo "2215"]
[BlackElo "2397"]
[Result "1-0"]
[Round "11"]
[TimeControl "180+2"]
[Date "2023.03.28"]
[WhiteClock "0:00:08"]
[BlackClock "0:00:23"]

1. h4 h5 2. Nc3 Nf6 3. Nf3 Nc6 4. Ng5 e5 5. e3 d5 6. e4 d4 7. Bc4 dxc3 8. Bxf7+ Ke7 9. bxc3 Nxe4 10. Ba3+ Nd6 11. Qe2 Bd7 12. d4 e4 13. Qxe4+ Kf6 14. Qg6+ Ke7 15. O-O Rh6 16. Rfe1+ Be6 17. Rxe6+ Kd7 18. Qd3 Kc8 19. Rxh6 gxh6 20. Be6+ Kb8 21. Nf3 a6 22. d5 Ne7 23. Ne5 Ka7 24. Rb1 Bg7 25. Qe3+ b6 26. Nd7 Nb5 27. Bxe7 Qxe7 28. c4 Bd4 29. Qd3 Nc3 30. Rb3 Qg7 31. c5 b5 32. a4 bxa4 33. Rb4 Nb5 34. Rxb5 axb5 35. Qxb5 Bxf2+ 36. Kxf2 Qd4+ 37. Ke2 Qe4+ 38. Kd2 Qd4+ 39. Kc1 Qa1+ 40. Qb1 Qxb1+ 41. Kxb1 Kb7 42. d6 cxd6 43. Bd5+ Kc7 44. Bxa8 Kxd7 45. cxd6 Kxd6 46. Bf3 Ke5 47. Bxh5 Kf4 48. g4 Ke5 49. g5 Kd4 50. gxh6 Kc4 51. h7 Kb4 52. h8=Q Ka3 53. Ka1 Kb4 54. Qf8+ Kc4 55. Bd1 Kc3 56. Qf3+ Kc4 57. Qd3+ Kb4 58. h5 Ka5 59. h6 a3 60. h7 a2 61. h8=Q Kb4 62. Qh4+ Ka5 63. Qf5+ Ka6 64. Qhf6+ Ka7 65. Qh7+ Ka8 66. Qfh8# 1-0


[Site "https://www.chess.com"]

[Event "Titled Tuesday Blitz March 28 Early 2023"]
[White "Liu, Casper"]
[Black "Bruedigam, Martin"]
[WhiteFideId "1454153"]
[BlackFideId "24608033"]
[WhiteElo "2221"]
[BlackElo "2331"]
[Result "1-0"]
[Round "11"]
[TimeControl "180+2"]
[Date "2023.03.28"]
[WhiteClock "0:01:32"]
[BlackClock "0:01:34"]

1. d4 Nf6 2. c4 e6 3. Nc3 d5 4. cxd5 exd5 5. Bg5 c6 6. e3 h6 7. Bh4 Be7 8. Qc2 O-O 9. Bd3 Ne8 10. Bxe7 Qxe7 11. O-O-O Nd6 12. g4 Bxg4 13. Nge2 Qf6 14. Rhg1 Bf5 15. Ng3 Bxd3 16. Qxd3 Qg6 17. Qe2 Nf5 18. Nh5 Qe6 19. Qg4 g6 20. Nf4 Qf6 21. Nh5 Qh4 22. Qxf5 Kh7 23. Nf6+ Kg7 24. Nd7 Nxd7 25. Qxd7 Qf6 26. Rg2 b5 27. Rdg1 Kh8 28. Ne2 c5 29. Nf4 cxd4 30. Nxg6+ fxg6 31. Rxg6 Rac8+ 32. Kb1 1-0


[Site "https://www.chess.com"]

[Event "Titled Tuesday Blitz March 28 Early 2023"]
[White "Tarasova, Viktoriya"]
[Black "Golubev, Mikhail"]
[WhiteFideId "4175840"]
[BlackFideId "14100983"]
[WhiteElo "2182"]
[BlackElo "2374"]
[Result "0-1"]
[Round "11"]
[TimeControl "180+2"]
[Date "2023.03.28"]
[WhiteClock "0:00:27"]
[BlackClock "0:00:44"]

1. d4 Nf6 2. c4 d6 3. Nc3 g6 4. e4 Bg7 5. h3 Nbd7 6. Be3 e5 7. d5 Nc5 8. Qc2 a5 9. g4 h5 10. g5 Nh7 11. h4 f6 12. gxf6 Bxf6 13. O-O-O Bxh4 14. Nf3 Bf6 15. Bh3 Bxh3 16. Rxh3 Qd7 17. Rg3 Kf7 18. Rdg1 Rhg8 19. Ng5+ Nxg5 20. Bxg5 Bxg5+ 21. Rxg5 Qh3 22. R5g3 Qh4 23. Qe2 Rg7 24. Kb1 Rag8 25. f3 Qf4 26. Nb5 Kf6 27. Nc3 g5 28. Nd1 g4 29. fxg4 Qxe4+ 30. Qxe4 Nxe4 31. Rf3+ Ke7 32. Ne3 Nd2+ 0-1


[Site "https://www.chess.com"]

[Event "Titled Tuesday Blitz March 28 Early 2023"]
[White "Ronka, Erik"]
[Black "Chan, Kim Yew"]
[WhiteFideId "505080"]
[BlackFideId "5717981"]
[WhiteElo "2264"]
[BlackElo "2206"]
[Result "1-0"]
[Round "11"]
[TimeControl "180+2"]
[Date "2023.03.28"]
[WhiteClock "0:01:27"]
[BlackClock "0:00:01"]

1. e4 e5 2. Ke2 Nf6 3. d3 d5 4. f3 Bc5 5. Nd2 O-O 6. Nb3 Bb6 7. c3 Nc6 8. Ke1 dxe4 9. dxe4 Qe7 10. Qc2 a5 11. a4 Be6 12. Bg5 h6 13. Bh4 Rad8 14. Bf2 Bxf2+ 15. Kxf2 Bxb3 16. Qxb3 Rd2+ 17. Be2 Rfd8 18. Rd1 Qc5+ 19. Kf1 Qe3 20. Rxd2 Rxd2 21. Qxb7 Rc2 22. g3 Ne7 23. Qb5 Rc1+ 24. Kg2 Re1 25. Qd3 Qc1 26. Bf1 Qxb2+ 27. Ne2 Ng6 28. h4 h5 29. Kf2 1-0


[Site "https://www.chess.com"]

[Event "Titled Tuesday Blitz March 28 Early 2023"]
[White "Shukhman, Anna"]
[Black "Reprintsev, Alexander"]
[WhiteFideId "54180058"]
[BlackFideId "14100541"]
[WhiteElo "2125"]
[BlackElo "2229"]
[Result "0-1"]
[Round "11"]
[TimeControl "180+2"]
[Date "2023.03.28"]
[WhiteClock "0:00:10"]
[BlackClock "0:00:50"]

1. e4 e5 2. Nf3 Nc6 3. Bc4 Nf6 4. Ng5 d5 5. exd5 Na5 6. Bb5+ Bd7 7. Bxd7+ Qxd7 8. Nc3 Nxd5 9. Qf3 Nb4 10. O-O Nxc2 11. Rb1 Nd4 12. Qe4 f6 13. d3 Nac6 14. Nf3 O-O-O 15. Nxd4 Qxd4 16. Qf5+ Qd7 17. Qe4 f5 18. Qa4 Kb8 19. Be3 f4 20. Bd2 Bc5 21. Ne4 Bb6 22. Rbd1 Nd4 23. Qa3 Ne2+ 24. Kh1 Qxd3 25. Qxd3 Rxd3 26. Rfe1 Nd4 27. a4 a5 28. Ng5 Nc6 29. Nf7 Re8 30. f3 Re7 31. Ng5 h6 32. Ne4 Red7 33. Re2 Be3 34. g3 Bxd2 35. Rexd2 Rxd2 36. Rxd2 Rxd2 37. Nxd2 fxg3 38. hxg3 Nd4 39. f4 exf4 40. gxf4 c6 41. Kg2 Kc7 42. Nc4 b6 43. Kg3 Ne6 44. b3 Nc5 45. Nd2 g6 46. Kg4 Kd6 47. Nc4+ Kc7 48. Nd2 b5 49. axb5 cxb5 50. f5 gxf5+ 51. Kxf5 Nxb3 52. Nxb3 a4 53. Nc1 b4 54. Ke4 h5 55. Kd3 h4 56. Ne2 h3 57. Kc4 h2 58. Ng3 b3 59. Kc3 Kb6 60. Kb2 Kc5 61. Kc3 Kd5 62. Kd3 Ke5 63. Kc3 Kf4 64. Ne2+ Kg4 0-1


[Site "https://www.chess.com"]

[Event "Titled Tuesday Blitz March 28 Early 2023"]
[White "Shubenkova, Veronika"]
[Black "Mrudul Dehankar"]
[WhiteFideId "44124040"]
[BlackFideId "25096990"]
[WhiteElo "2027"]
[BlackElo "2139"]
[Result "0-1"]
[Round "11"]
[TimeControl "180+2"]
[Date "2023.03.28"]
[WhiteClock "0:00:17"]
[BlackClock "0:00:12"]

1. e4 c6 2. d4 d5 3. Nc3 dxe4 4. Nxe4 Nf6 5. Nxf6+ exf6 6. c3 Bd6 7. Bd3 O-O 8. Qc2 Re8+ 9. Ne2 h5 10. Be3 Nd7 11. O-O-O Nf8 12. Kb1 Be6 13. c4 b5 14. c5 Bc7 15. Nc3 b4 16. Ne4 a5 17. Ng3 a4 18. Qd2 Ba5 19. Qc1 Qd5 20. Be4 Qxa2+ 21. Kc2 a3 22. Kd3 axb2 23. Qc2 b3 24. Qb1 Qa4 25. Ke2 h4 26. Nf5 Bc4+ 27. Bd3 Bc3 28. Nd6 Bd5 29. Nxe8 Rxe8 30. Rhg1 Ne6 31. Kf1 Nxd4 32. h3 Nc2 33. Bd2 Bd4 34. g3 Bc4 35. Bxc4 Qxc4+ 36. Kg2 Re2 37. Rgf1 Qd5+ 38. Kh2 Bxf2 39. Bf4 hxg3+ 40. Bxg3 Bg1+ 41. Kxg1 Qg2# 0-1


[Site "https://www.chess.com"]

[Event "Titled Tuesday Blitz March 28 Early 2023"]
[White "Khamdamova, Afruza"]
[Black "Alahakoon, Isuru"]
[WhiteFideId "14210444"]
[BlackFideId "9900993"]
[WhiteElo "2210"]
[BlackElo "1995"]
[Result "1-0"]
[Round "11"]
[TimeControl "180+2"]
[Date "2023.03.28"]
[WhiteClock "0:00:21"]
[BlackClock "0:00:14"]

1. d4 d5 2. Bf4 Nf6 3. Nc3 e6 4. Nf3 Bd6 5. Bg3 O-O 6. e3 a6 7. Bd3 c5 8. dxc5 Bxc5 9. O-O Nc6 10. e4 dxe4 11. Nxe4 Nxe4 12. Bxe4 Qf6 13. c3 Rd8 14. Qc2 h6 15. Rad1 Bd7 16. Bc7 Qe7 17. Bxd8 Nxd8 18. b4 Bb6 19. c4 f5 20. Ne5 Be8 21. Bf3 Qxb4 22. Rb1 Qc5 23. Nd3 Qc7 24. c5 Ba7 25. Qb3 Bf7 26. Bxb7 e5 27. Bd5 Rb8 28. Qc4 e4 29. Rxb8 Bxb8 30. Bxf7+ Nxf7 31. g3 exd3 32. Qxd3 Ne5 33. Qd5+ Kh7 34. f4 Ng6 35. Qxf5 Ba7 36. Rc1 Qc6 37. Rc3 Qb5 38. h4 Qb2 39. h5 Qxc3 40. hxg6+ Kg8 41. Qc8# 1-0


[Site "https://www.chess.com"]

[Event "Titled Tuesday Blitz March 28 Early 2023"]
[White "Iskusnyh, Sergei"]
[Black "Harriott, Tyrell"]
[WhiteFideId "4120027"]
[BlackFideId "2086484"]
[WhiteElo "2492"]
[BlackElo "2107"]
[Result "1-0"]
[Round "11"]
[TimeControl "180+2"]
[Date "2023.03.28"]
[WhiteClock "0:01:28"]
[BlackClock "0:01:02"]

1. d4 e6 2. c4 d5 3. Nf3 c6 4. b3 Bd6 5. g3 f5 6. Bg2 Nf6 7. O-O O-O 8. Ba3 f4 9. Qc1 fxg3 10. hxg3 Bxa3 11. Qxa3 Ng4 12. Nbd2 Qf6 13. e4 Qh6 14. Rae1 b6 15. Qd6 Ba6 16. exd5 cxd5 17. Rxe6 Qh5 18. Re5 Nxe5 19. Qxd5+ Qf7 20. Nxe5 Qxd5 21. Bxd5+ Kh8 22. Bxa8 Nd7 23. Nxd7 Rxa8 24. Re1 g6 25. d5 Kg7 26. Re7+ Kh6 27. f4 Kh5 28. Ne5 Kh6 29. Ne4 1-0


[Site "https://www.chess.com"]

[Event "Titled Tuesday Blitz March 28 Early 2023"]
[White "EdmundPlayer"]
[Black "Michalski, Olaf"]
[BlackFideId "1106740"]
[WhiteElo "2264"]
[BlackElo "2173"]
[Result "0-1"]
[Round "11"]
[TimeControl "180+2"]
[Date "2023.03.28"]
[WhiteClock "0:00:22"]
[BlackClock "0:00:09"]

1. e4 c5 2. Nf3 a6 3. c4 Nc6 4. d4 cxd4 5. Nxd4 Nf6 6. Nc3 e5 7. Nde2 Bc5 8. Bg5 Bxf2+ 9. Kxf2 Ng4+ 10. Kg1 Qxg5 11. Nd5 O-O 12. h4 Qh6 13. Ng3 d6 14. Nf5 Bxf5 15. exf5 Ne3 16. Qd2 Nxf5 17. Qxh6 Nxh6 18. Bd3 f5 19. Rf1 Rae8 20. Rh3 e4 21. Be2 Nd4 22. Bd1 Re5 23. Rg3 Kf7 24. Bh5+ g6 25. Bd1 Rfe8 26. h5 e3 27. Re1 e2 28. Ba4 Rc8 29. hxg6+ hxg6 30. Nb6 Rc7 31. Bb3 Kg7 32. Nd5 Rc5 33. Nf4 Ng4 34. Nd3 b5 35. cxb5 axb5 36. Nxc5 dxc5 37. Rc3 c4 38. Bc2 Nf6 39. a4 Nd5 40. axb5 Nxc3 41. bxc3 Nxc2 42. b6 Nxe1 43. b7 Rb5 44. Kf2 Rxb7 45. Kxe1 Re7 46. Kf2 Kf6 47. Ke1 Kg5 48. g4 Kf4 49. Kf2 e1=Q+ 50. Kg2 Re2+ 51. Kh3 Qg3# 0-1


[Site "https://www.chess.com"]

[Event "Titled Tuesday Blitz March 28 Early 2023"]
[White "Akhmetov, Ayan"]
[Black "Shvedova, Alexandra"]
[WhiteFideId "13703706"]
[BlackFideId "54154782"]
[WhiteElo "2398"]
[BlackElo "2057"]
[Result "1-0"]
[Round "11"]
[TimeControl "180+2"]
[Date "2023.03.28"]
[WhiteClock "0:00:06"]
[BlackClock "0:00:16"]

1. Nf3 Nf6 2. c4 e6 3. g3 d5 4. Bg2 dxc4 5. Qa4+ Nbd7 6. Qxc4 a6 7. Qc2 c5 8. O-O b5 9. Nd4 Nd5 10. Nf5 Bb7 11. Ne3 Nxe3 12. dxe3 Bxg2 13. Kxg2 Be7 14. Rd1 Qc7 15. Nc3 O-O 16. e4 Nf6 17. f3 Rfd8 18. Be3 h5 19. a4 b4 20. Nb1 h4 21. Nd2 Nh5 22. Nf1 hxg3 23. hxg3 Bd6 24. f4 e5 25. f5 Be7 26. Qc4 Qc6 27. g4 Nf4+ 28. Bxf4 exf4 29. Nh2 Bf6 30. Nf3 Bxb2 31. Rxd8+ Rxd8 32. Rb1 Bd4 33. g5 Qxe4 34. g6 Qxf5 35. gxf7+ Qxf7 36. Qxa6 Qd5 37. Rh1 Rd6 38. Qc8+ Kf7 39. Rh4 Rg6+ 40. Kf1 Rf6 41. Rh8 Kg6 42. Qe8+ Qf7 43. Qe4+ Rf5 44. Nh4+ Kg5 45. Nxf5 Qxf5 46. Rh5+ Kxh5 47. Qxf5+ Kh4 48. Qxf4+ Kh3 49. a5 b3 50. Qf3+ Kh2 51. Qxb3 g5 52. Qf3 g4 53. Qg2# 1-0


[Site "https://www.chess.com"]

[Event "Titled Tuesday Blitz March 28 Early 2023"]
[White "Melikhov, Evgeny V."]
[Black "Kadam, Om Manish"]
[WhiteFideId "4122046"]
[BlackFideId "45076294"]
[WhiteElo "2158"]
[BlackElo "2221"]
[Result "1-0"]
[Round "11"]
[TimeControl "180+2"]
[Date "2023.03.28"]
[WhiteClock "0:00:05"]
[BlackClock "0:00:12"]

1. d4 Nf6 2. c4 e6 3. Nc3 d5 4. cxd5 exd5 5. Bg5 Be7 6. e3 O-O 7. Bd3 c6 8. Qc2 Nbd7 9. Nf3 Re8 10. O-O Nf8 11. h3 g6 12. Ne5 N6d7 13. Bxe7 Qxe7 14. Nxd7 Bxd7 15. b4 Ne6 16. b5 Ng5 17. bxc6 bxc6 18. Ne2 h5 19. Nf4 Qf6 20. Rab1 Rab8 21. Rxb8 Rxb8 22. Rb1 Rxb1+ 23. Qxb1 Qd8 24. Qb7 a5 25. h4 Ne4 26. Bxe4 dxe4 27. d5 cxd5 28. Qxd5 a4 29. Nxg6 Qc7 30. Nf4 a3 31. Qxh5 Qc2 32. Qg5+ Kf8 33. Qd8+ Be8 34. Qd6+ Kg8 35. Qxa3 Qd1+ 36. Kh2 Qc2 37. Qe7 Bc6 38. Nh5 Qxf2 39. Qf6 Qxf6 40. Nxf6+ Kg7 41. Ng4 Kg6 42. Nf2 f5 43. Kg3 Kh5 44. Kf4 Kxh4 45. Kxf5 Kg3 46. Nxe4+ Kxg2 47. Nc5 Kf3 48. e4 Ke3 49. e5 Kd4 50. Nb3+ Kc3 51. e6 Kb2 52. Nc5 Kxa2 53. e7 Ka3 54. Ke6 Be8 55. Nd7 Kb4 56. Nf6 Bg6 57. Nd5+ Kc5 58. Nc7 Kc6 59. Nd5 Be8 60. Nf6 Bg6 61. Ng8 Be8 62. Nh6 Kc7 63. Nf7 Kc6 64. Nd6 Bg6 65. Nf7 Bxf7+ 66. Kxf7 1-0


[Site "https://www.chess.com"]

[Event "Titled Tuesday Blitz March 28 Early 2023"]
[White "Boraso, Alessio"]
[Black "Sielecki, Christof"]
[WhiteFideId "848077"]
[BlackFideId "4620437"]
[WhiteElo "2286"]
[BlackElo "2443"]
[Result "0-1"]
[Round "11"]
[TimeControl "180+2"]
[Date "2023.03.28"]
[WhiteClock "0:00:01"]
[BlackClock "0:00:18"]

1. e4 c5 2. Nc3 a6 3. Nf3 b5 4. a4 b4 5. Ne2 Bb7 6. Ng3 e6 7. d4 Nf6 8. e5 Nd5 9. c3 bxc3 10. bxc3 Nxc3 11. Qb3 Bxf3 12. Qxc3 Bd5 13. dxc5 Nc6 14. Bd2 Qc7 15. f4 Rb8 16. Bd3 Nb4 17. Be4 Qxc5 18. Rb1 a5 19. Ke2 Qc4+ 20. Kf3 Qxc3+ 21. Bxc3 Bxe4+ 22. Nxe4 Rc8 23. Bxb4 Bxb4 24. Rhc1 Ke7 25. Ke2 f6 26. Kd3 Rhf8 27. Rc4 Rxc4 28. Kxc4 fxe5 29. fxe5 Rf4 30. Kd3 Rf5 31. Kd4 h5 32. Rb2 g5 33. h3 Rf4 34. Rf2 Bc5+ 35. Kxc5 Rxe4 36. Kb6 Rxe5 37. Rb2 d5 38. Kxa5 d4+ 39. Kb6 d3 40. Rd2 Rd5 41. a5 e5 42. a6 e4 43. a7 Rd8 44. Kb7 Ke6 45. Kc7 Ra8 46. Kb7 Rxa7+ 47. Kxa7 Kd5 48. g4 hxg4 49. hxg4 Kd4 50. Kb6 e3 51. Ra2 e2 52. Ra4+ Ke3 53. Ra6 d2 54. Kb7 d1=Q 55. Re6+ Kf2 56. Rf6+ Kg2 57. Rb6 e1=Q 58. Ka7 Qe3 59. Ka8 Qd8+ 0-1


[Site "https://www.chess.com"]

[Event "Titled Tuesday Blitz March 28 Early 2023"]
[White "Toktomushev, Teimur"]
[Black "Ordekalog"]
[WhiteFideId "14176726"]
[WhiteElo "2116"]
[BlackElo "2546"]
[Result "0-1"]
[Round "11"]
[TimeControl "180+2"]
[Date "2023.03.28"]
[WhiteClock "0:00:04"]
[BlackClock "0:00:06"]

1. d4 d5 2. c4 e6 3. Nc3 c5 4. e3 Nf6 5. Nf3 Nc6 6. cxd5 exd5 7. Bb5 Bd6 8. O-O O-O 9. b3 Bg4 10. Bxc6 bxc6 11. dxc5 Bxc5 12. Bb2 Qe7 13. Rc1 Bd6 14. h3 Bh5 15. Ne2 Rac8 16. Ned4 Qd7 17. Qd3 Ne4 18. Nd2 Bg6 19. Nxe4 Bxe4 20. Qc3 f6 21. Rfd1 c5 22. Ne2 Bb8 23. f3 Bf5 24. e4 d4 25. exf5 dxc3 26. Rxd7 cxb2 27. Rb1 Be5 28. f4 Rc7 29. Rxc7 Bxc7 30. Rxb2 Rd8 31. Rc2 Rd3 32. Kh2 Bd6 33. g3 h5 34. Kg2 h4 35. g4 Kf7 36. Kh2 Ke7 37. Kg2 Kd7 38. Nc1 Rg3+ 39. Kf2 Rxh3 40. Ne2 Kc6 41. g5 Rh2+ 42. Kg1 Bxf4 43. Nd4+ Kd5 44. Rxh2 Bxh2+ 45. Kxh2 cxd4 46. gxf6 gxf6 47. Kh3 Ke4 48. Kxh4 d3 0-1


[Site "https://www.chess.com"]

[Event "Titled Tuesday Blitz March 28 Early 2023"]
[White "Seletsky, Grigory"]
[Black "Degenbaev, Aziz"]
[WhiteFideId "14112191"]
[BlackFideId "13802640"]
[WhiteElo "2490"]
[BlackElo "2152"]
[Result "0-1"]
[Round "11"]
[TimeControl "180+2"]
[Date "2023.03.28"]
[WhiteClock "0:00:02"]
[BlackClock "0:00:14"]

1. e4 c5 2. Nc3 d6 3. f4 g6 4. Nf3 Bg7 5. Bc4 e6 6. O-O Ne7 7. Qe1 O-O 8. d3 Nbc6 9. f5 gxf5 10. Qh4 Ng6 11. Qh5 fxe4 12. dxe4 Nd4 13. Ng5 h6 14. Nxf7 Rxf7 15. Rxf7 Kxf7 16. Bxh6 Qh8 17. Rf1+ Kg8 18. Qxg6 Qxh6 19. Qe8+ Kh7 20. e5 Qe3+ 21. Kh1 Qxe5 22. Bd3+ Nf5 23. g4 b5 24. Qh5+ Bh6 25. Qf7+ Qg7 26. Qxg7+ Bxg7 27. gxf5 Bb7+ 28. Be4 d5 29. Bg2 Bxc3 30. bxc3 e5 31. Rd1 e4 32. Bxe4 dxe4 33. Rd7+ Kh6 34. Rxb7 a6 35. Kg2 Kg5 36. Kf2 Kxf5 37. Rc7 c4 38. Ke3 Rh8 39. Rc5+ Ke6 40. a4 Rxh2 41. Kxe4 Re2+ 42. Kd4 Rd2+ 43. Ke4 Rxc2 44. axb5 axb5 45. Rxb5 Rxc3 46. Kd4 Rc1 47. Rc5 Kd6 48. Rxc4 Rh1 49. Kc3 Rh3+ 50. Kb4 Kd5 51. Rc5+ Kd4 52. Rc4+ Kd5 53. Rc5+ Kd6 54. Rc4 Rh1 55. Rd4+ Kc6 56. Rc4+ Kb6 57. Rd4 Rb1+ 58. Kc3 Ra1 59. Rb4+ Kc5 60. Rb2 Ra3+ 61. Kc2 Kc4 62. Rb8 Ra2+ 63. Kb1 Rg2 64. Rc8+ Kb3 65. Rb8+ Kc3 66. Rc8+ Kd3 67. Rd8+ Ke2 68. Re8+ Kf1 69. Rd8 Re2 70. Rd7 Ke1 71. Rd8 Re6 72. Rd7 Ke2 73. Rd8 Rb6+ 74. Kc2 Rc6+ 75. Kb3 Ke3 0-1


[Site "https://www.chess.com"]

[Event "Titled Tuesday Blitz March 28 Early 2023"]
[White "Manon-og, Ramon Jr."]
[Black "Estrada Nieto, Julian"]
[WhiteFideId "5200776"]
[BlackFideId "5101018"]
[WhiteElo "2369"]
[BlackElo "2176"]
[Result "0-1"]
[Round "11"]
[TimeControl "180+2"]
[Date "2023.03.28"]
[WhiteClock "0:00:48"]
[BlackClock "0:00:55"]

1. e4 e5 2. Nf3 Nc6 3. Bc4 Bc5 4. c3 Nf6 5. d4 exd4 6. e5 d5 7. Bb5 Ne4 8. cxd4 Bb6 9. Be3 O-O 10. O-O Bg4 11. Qc2 Ne7 12. Nbd2 Nxd2 13. Qxd2 Bxf3 14. gxf3 Nf5 15. Kh1 Qh4 16. Rg1 Bxd4 17. Bxd4 Nxd4 18. Rg4 Qxh2+ 19. Kxh2 Nxf3+ 20. Kg2 Nxd2 21. Rd1 Nc4 22. Rxd5 c6 23. Bxc4 cxd5 24. Bxd5 Rad8 25. Bxb7 Rb8 26. Bd5 Rxb2 27. Rf4 Re2 28. Rf5 g6 29. Rg5 Kg7 30. Kf3 Re1 31. Be4 Re8 0-1


[Site "https://www.chess.com"]

[Event "Titled Tuesday Blitz March 28 Early 2023"]
[White "Lopez, Nelson M, Ii"]
[Black "Rom, Jasper"]
[WhiteFideId "2027895"]
[BlackFideId "2023733"]
[WhiteElo "2387"]
[BlackElo "2233"]
[Result "0-1"]
[Round "11"]
[TimeControl "180+2"]
[Date "2023.03.28"]
[WhiteClock "0:00:04"]
[BlackClock "0:00:07"]

1. e4 e6 2. d4 d5 3. Nc3 Nf6 4. Bg5 Bb4 5. e5 h6 6. Bh4 g5 7. exf6 gxh4 8. Qf3 Nd7 9. Bd3 Qxf6 10. O-O-O Rg8 11. g3 c6 12. a3 Bxc3 13. bxc3 e5 14. dxe5 Qxe5 15. Ne2 Qf6 16. Nf4 Ne5 17. Rde1 Be6 18. Qh5 Nxd3+ 19. Nxd3 O-O-O 20. Kb2 d4 21. Qa5 dxc3+ 22. Ka1 Qd4 23. Nb4 c5 24. Nd3 b6 25. Qxa7 Qd5 26. Qa6+ Kc7 27. Qa7+ Kc8 28. Qa6+ Kc7 29. Qa7+ Qb7 30. Qxb7+ Kxb7 31. Rxe6 fxe6 32. Ka2 c4 33. Nf4 Rd2 34. Rc1 Rxf2 35. Nxe6 hxg3 36. hxg3 Rxg3 37. Nd4 Rgg2 38. a4 h5 39. Ka3 h4 40. Rh1 Rh2 41. Rg1 Rfg2 42. Rf1 Rf2 43. Rg1 h3 44. Rg7+ Kc8 45. Kb4 Rhg2 46. Rh7 h2 47. Nc6 Rg1 48. Kb5 h1=Q 49. Ra7 Rb1+ 50. Ka6 Qxc6 51. a5 Qb5# 0-1


[Site "https://www.chess.com"]

[Event "Titled Tuesday Blitz March 28 Early 2023"]
[White "Avazkhonov, Alikhon"]
[Black "ArchibaldCerveza29"]
[WhiteFideId "14208504"]
[WhiteElo "1739"]
[BlackElo "2475"]
[Result "1-0"]
[Round "11"]
[TimeControl "180+2"]
[Date "2023.03.28"]
[WhiteClock "0:01:28"]
[BlackClock "0:01:20"]

1. d4 d5 2. c4 e6 3. Nc3 Nf6 4. cxd5 exd5 5. Bg5 c6 6. e3 h6 7. Bh4 Bd6 8. Bd3 O-O 9. Nf3 Re8 10. Qc2 Bg4 11. O-O-O b5 12. Kb1 a5 13. Rdg1 a4 14. h3 Bd7 15. g4 Na6 16. g5 hxg5 17. Rxg5 Nb4 18. Qd2 Nxd3 19. Qxd3 b4 20. Rhg1 bxc3 21. Rxg7+ Kf8 22. Rxf7+ Kxf7 23. Qg6+ Ke6 24. Ng5+ Ke7 25. Qf7# 1-0


[Site "https://www.chess.com"]

[Event "Titled Tuesday Blitz March 28 Early 2023"]
[White "Novikova, Galina"]
[Black "Tanmay Jain"]
[WhiteFideId "4157095"]
[BlackFideId "45015481"]
[WhiteElo "1953"]
[BlackElo "2032"]
[Result "0-1"]
[Round "11"]
[TimeControl "180+2"]
[Date "2023.03.28"]
[WhiteClock "0:00:04"]
[BlackClock "0:00:11"]

1. e4 e5 2. Nf3 Nc6 3. Bc4 Nf6 4. Ng5 d5 5. exd5 Na5 6. Bb5+ c6 7. dxc6 bxc6 8. Bd3 Be7 9. O-O O-O 10. Ne4 Nxe4 11. Bxe4 f5 12. Bf3 e4 13. Be2 Bd6 14. d3 Nb7 15. Nc3 Nc5 16. dxe4 fxe4 17. Be3 Qe7 18. Qd4 Bf5 19. Rad1 Rad8 20. Kh1 Rf6 21. Bf4 Nb7 22. Bxd6 Nxd6 23. Qe3 Rh6 24. Qg3 Rg6 25. Qe3 Rf8 26. Rd4 Qh4 27. g3 Qh3 28. Rfd1 Rh6 29. Qxh6 Qxh6 30. Rxd6 Qg5 31. R6d4 Re8 32. Kg1 e3 33. f4 Qf6 34. Rd6 Qf7 35. R6d4 c5 36. Rd6 Be6 37. R6d3 Bc4 38. Rd6 Bxe2 39. Nxe2 h6 40. Nc3 e2 41. Re1 Qc4 42. Rd2 Qb4 43. Rdxe2 Rxe2 44. Rxe2 Qxb2 45. Ne4 Qxa2 46. Kf2 Qc4 47. g4 a5 48. f5 a4 49. f6 gxf6 50. Nxf6+ Kf7 51. Ne4 Kg6 52. h4 a3 53. h5+ Kg7 54. c3 a2 55. Nd6 Qb3 56. Re7+ Kf6 57. Ra7 a1=Q 58. Kf3 Qaxc3+ 59. Kf4 Qbb4+ 60. Ne4+ Ke6 61. Ra6+ Kd7 62. Rd6+ Kc7 63. Rxh6 Qc1+ 64. Kf5 Qxh6 65. g5 Qc6 66. Nf6 Qb1+ 67. Kf4 c4 68. h6 c3 69. h7 Qxh7 70. Nxh7 c2 71. Kf5 c1=Q 72. g6 Q1c2+ 73. Kg5 Q2xg6+ 0-1


[Site "https://www.chess.com"]

[Event "Titled Tuesday Blitz March 28 Early 2023"]
[White "Karthik Sai Ch"]
[Black "Salman, Pavel"]
[WhiteFideId "46649484"]
[BlackFideId "24153753"]
[WhiteElo "2003"]
[BlackElo "2187"]
[Result "0-1"]
[Round "11"]
[TimeControl "180+2"]
[Date "2023.03.28"]
[WhiteClock "0:00:14"]
[BlackClock "0:01:17"]

1. d4 g6 2. e4 Bg7 3. Nf3 d6 4. Nc3 Nf6 5. Be2 O-O 6. O-O Nc6 7. d5 Nb8 8. h3 c6 9. a4 Nbd7 10. a5 Nc5 11. dxc6 bxc6 12. e5 Nfe4 13. Nxe4 Nxe4 14. exd6 exd6 15. c3 d5 16. Be3 Re8 17. Qa4 Bd7 18. Qa3 Qc7 19. Rfd1 Bf8 20. b4 Bd6 21. c4 Rab8 22. c5 Bf8 23. Bd3 Bg7 24. Rac1 Re7 25. b5 cxb5 26. c6 Bf5 27. Bxe4 Rxe4 28. Rxd5 Ra4 29. Qc5 Bf8 30. Qxa7 Bd6 31. Bb6 Qxc6 32. Rcd1 Qxd5 33. Qxb8+ Bxb8 34. Rxd5 Ra1+ 0-1


[Site "https://www.chess.com"]

[Event "Titled Tuesday Blitz March 28 Early 2023"]
[White "Zavortink, Matt"]
[Black "Forgacs, Attila Jr."]
[WhiteFideId "2034263"]
[BlackFideId "773654"]
[WhiteElo "2311"]
[BlackElo "2168"]
[Result "1-0"]
[Round "11"]
[TimeControl "180+2"]
[Date "2023.03.28"]
[WhiteClock "0:00:05"]
[BlackClock "0:00:02"]

1. c4 e5 2. Nc3 g6 3. g3 d6 4. Bg2 Bg7 5. h4 f5 6. d3 Nc6 7. Bg5 Bf6 8. Nf3 h6 9. Bd2 Be6 10. Nd5 Bg7 11. h5 g5 12. Bc3 Nf6 13. Nd2 Qd7 14. Qb3 Rb8 15. Qa4 O-O 16. b4 f4 17. Nxf6+ Bxf6 18. b5 Nd4 19. Bxd4 exd4 20. gxf4 gxf4 21. Be4 Kh8 22. Rg1 Bg5 23. Nf3 Rg8 24. Bg6 Bg4 25. O-O-O Bxf3 26. exf3 a6 27. Rde1 Ra8 28. Qb3 axb5 29. cxb5 c5 30. a4 d5 31. Re5 c4 32. dxc4 dxc4 33. Qc2 d3 34. Qc3 Qg7 35. Rgxg5 hxg5 36. Re7 d2+ 37. Kxd2 Rad8+ 38. Ke2 Rd3 39. Rxg7 Rxg7 40. Qxc4 Rd8 41. Kf1 Rf8 42. Kg2 Re7 43. Qc3+ Rg7 44. h6 Rg8 45. hxg7+ Rxg7 46. Qf6 Kg8 47. Bh5 Kh7 48. Bg4 Kg8 49. Bf5 Rf7 50. Be6 b6 51. Qxf7+ Kh8 52. Qg8# 1-0


[Site "https://www.chess.com"]

[Event "Titled Tuesday Blitz March 28 Early 2023"]
[White "Nguyen Hong Nhung"]
[Black "Sarkar, Justin"]
[WhiteFideId "12412201"]
[BlackFideId "2010011"]
[WhiteElo "1904"]
[BlackElo "2189"]
[Result "1-0"]
[Round "11"]
[TimeControl "180+2"]
[Date "2023.03.28"]
[WhiteClock "0:00:05"]
[BlackClock "0:00:01"]

1. e4 c5 2. Nc3 Nc6 3. Bb5 Nd4 4. Bc4 g6 5. Nf3 Bg7 6. Nxd4 cxd4 7. Qf3 Nh6 8. Ne2 O-O 9. d3 d6 10. h3 Qa5+ 11. Bd2 Qb6 12. Bb3 Kh8 13. O-O a5 14. a4 f5 15. Qg3 fxe4 16. dxe4 Nf7 17. Nf4 Qc5 18. Qh4 Bf6 19. Qg3 Ng5 20. Nd3 Nxe4 21. Qf4 Qf5 22. Qh6 Bg7 23. Qf4 e5 24. Qxf5 gxf5 25. Be1 f4 26. f3 Ng3 27. Rf2 h5 28. Bd5 h4 29. Ra3 Ra6 30. Rb3 b6 31. c3 dxc3 32. Bxc3 Bf6 33. Bc4 Ra7 34. Rxb6 Bf5 35. Rxd6 Rc7 36. Nxe5 Bxe5 37. Bxe5+ Kh7 38. b3 Rfc8 39. Rd5 Rxc4 40. bxc4 Rxc4 41. Rfd2 Rc1+ 42. Rd1 Rc2 43. R5d2 Rc4 44. Rd4 1-0


[Site "https://www.chess.com"]

[Event "Titled Tuesday Blitz March 28 Early 2023"]
[White "Vivas Zamora, Fabian Ernesto"]
[Black "Wilson, Elvin"]
[WhiteFideId "3902480"]
[BlackFideId "2014874"]
[WhiteElo "2262"]
[BlackElo "2301"]
[Result "0-1"]
[Round "11"]
[TimeControl "180+2"]
[Date "2023.03.28"]
[WhiteClock "0:00:10"]
[BlackClock "0:00:52"]

1. c4 Nf6 2. Nc3 c5 3. Nf3 e6 4. d4 cxd4 5. Nxd4 d6 6. g3 Nc6 7. Bg2 Bd7 8. O-O a6 9. b3 Rc8 10. Bb2 Be7 11. e3 O-O 12. f4 Qa5 13. Rc1 Rfd8 14. g4 d5 15. g5 Ne4 16. Nxe4 dxe4 17. Bxe4 Nxd4 18. Qxd4 Bf8 19. Qd3 Bc6 20. Bxh7+ Kh8 21. Qc2 Bc5 22. Rce1 Rd2 23. Rf2 Rxc2 24. Bxc2 Qxe1+ 0-1


[Site "https://www.chess.com"]